 Dungeon Crawl Stone Soup version 0.30.0-30-g96aa6591b8 (webtiles) character file.

Game seed: 16652470269091265951

256 Pepete the Conjurer (level 5, -2/21 HPs)
             Began as a Felid Conjurer on June 29, 2023.
             Slain by a black bear (12 damage)
             ... on level 4 of the Dungeon.
             The game lasted 00:17:42 (11211 turns).

Pepete the Conjurer (Felid Conjurer)               Turns: 11211, Time: 00:17:43

Health: -2/21      AC:  2    Str:  1    XL:     5   Next: 92%
Magic:  4/11       EV: 18    Int: 22    God:
Gold:   160        SH:  0    Dex: 14    Spells: 4/11 levels left
                                        Lives:  0   Deaths: 1

rFire   . . .        (weapon unavailable)
rCold   . . .        (shield unavailable)
rNeg    . . .        (body armour unavailable)
rPois   .            (helmet unavailable)
rElec   .            (cloak unavailable)
rCorr   .            (gloves unavailable)
SInv    +            (boots unavailable)
Will    .....        (no amulet)
Stlth   +++          (no ring)
HPRegen 0.23/turn    (no ring)
MPRegen 0.12/turn

%: no passive effects
@: quick
A: very small, claws 1, fangs 3, see invisible, speed 1, shaggy fur 2, stealthy
paws, no weapons or thrown items, no armour, multi-lived, weak 1
a: no special abilities


You were on level 4 of the Dungeon.
You visited 1 branch of the dungeon, and saw 4 of its levels.

You collected 160 gold pieces.

Inventory:

Jewellery
 d - a ring of fire
 i - a ring of resist corrosion
Wands
 b - a wand of paralysis (9)
Scrolls
 e - a scroll of enchant armour {unknown}
 g - 4 scrolls of identify
 j - 2 scrolls of blinking
Potions
 a - a potion of might
 c - a potion of cancellation {unknown}
 f - a potion of lignification {unknown}
 h - a potion of flight {unknown}
 k - a potion of curing


   Skills:
 + Level 4.0 Dodging
 + Level 4.3 Stealth
 * Level 3.8 Spellcasting
 * Level 4.7 Conjurations
 * Level 1.0 Poison Magic


You had 4 spell levels left.
You knew the following spells:

 Your Spells              Type           Power      Damage    Failure   Level
a - Magic Dart            Conj           100%       1d8       1%          1
b - Fulminant Prism       Conj/Hex       7%         3d7       38%         4
c - Poisonous Vapours     Pois/Air       12%        N/A       14%         2

Your spell library contained the following spells:

 Spells                   Type           Power      Damage    Failure   Level
 Searing Ray              Conj           50%        2d6       2%          2
 Apportation              Tloc           8%         N/A       12%         1
 Dazzling Flash           Conj/Hex       28%        N/A       13%         3
 Hailstorm                Conj/Ice       14%        3d5       13%         3
 Ignite Poison            Fire/Tmut/Pois 5%         N/A       30%         3
 Iskenderun's Mystic Bla  Conj/Tloc      14%        2d5       38%         4
 Summon Ice Beast         Ice/Summ       4%         N/A       75%         4
 Alistair's Intoxication  Tmut/Pois      4%         N/A       94%         5


Dungeon Overview and Level Annotations

Branches:
Dungeon (4/15)
 Temple: D:4-7

Altars:

Shops:
D:2 :   D:3 [*

Annotations:
D:4 2 runed translucent doors, Ijyb


Innate Abilities, Weirdness & Mutations

You have sharp claws.
You have razor-sharp teeth.
You have supernaturally acute eyesight. (SInv)
You cover ground quickly. (Speed+)
You are covered in thick fur. (AC +2)
Your paws help you pounce on unaware monsters.
You are incapable of wielding weapons or throwing items.
You cannot wear armour.
You gain extra lives every three experience levels.
You are weak. (Str -2)


Message History

Casting: Poisonous Vapours (safe; 14% risk of failure)
Confirm with . or Enter, or press ? or * to list all spells.
Aiming: Magic Dart (safe; 1% risk of failure)
Press: ? - help, Shift-Dir - straight line, f/p - black bear
Aim: a black bear (lightly wounded, poisoned, 100% to hit)
The magic dart hits the black bear.
The black bear is moderately wounded.
The endoplasm quivers.
Casting: Magic Dart (safe; 1% risk of failure)
Confirm with . or Enter, or press ? or * to list all spells.
Aiming: Magic Dart (safe; 1% risk of failure)
Press: ? - help, Shift-Dir - straight line, f/p - black bear
Aim: a black bear (moderately wounded, poisoned, 100% to hit)
The magic dart hits the black bear but does no damage.
The black bear is moderately wounded.
Casting: Magic Dart (safe; 1% risk of failure)
Confirm with . or Enter, or press ? or * to list all spells.
Aiming: Magic Dart (safe; 1% risk of failure)
Press: ? - help, Shift-Dir - straight line, f/p - black bear
Aim: a black bear (moderately wounded, poisoned, 100% to hit)
The magic dart hits the black bear.
The black bear is heavily wounded.
The magic dart hits the black bear.
The black bear is heavily wounded.
The magic dart hits the black bear.
The black bear is heavily wounded.
The black bear barely misses you. The black bear claws you.
The black bear barely misses you.
The magic dart hits the black bear.
The black bear is severely wounded.
The black bear goes berserk!
The black bear attacks as you move away!
The black bear closely misses you. The black bear claws you.
The black bear completely misses you.
The black bear looks more healthy.
The black bear rages.
The black bear closely misses you. The black bear claws you. x2
The black bear attacks as you move away!
The black bear bites you!
Ouch! That really hurt!
You die...

#.................
#.####............
#.####.#.#########
#...........# #
#.####..###.# #
#J# #..# #.######
#.# #..# #......J
#h# #..# #.†##.##
#@# #..###..##.#
#.# #.......J..#
#.####.####.#g#.#
#.#...........#.##
#.#.##............
#.#.# ####.##.####
#.#.# #. #.# #.#.#
#. #.# #.#.# #.
#.####


You could see a black bear (berserk) and an endoplasm.

Vanquished Creatures
  A scorpion (D:4)
  A howler monkey (D:4)
  Robin (D:1)
  4 gnolls (D:2)
  5 adders
  2 worms
  4 dart slugs
  3 orcs (D:3)
  9 ball pythons
  2 endoplasms (D:1)
  3 giant cockroaches
  12 goblins
  14 hobgoblins
  7 quokkas
  3 bats
  5 frilled lizards
  11 kobolds
  6 rats
93 creatures vanquished.

Notes
Turn   | Place    | Note
-------+----------+-------------------------------------------
     0 | D:1      | Pepete the Felid Conjurer began the quest for the Orb.
     0 | D:1      | Reached XP level 1. HP: 7/7 MP: 4/4
   345 | D:1      | Reached XP level 2. HP: 11/11 MP: 4/6
  1916 | D:1      | Reached XP level 3. HP: 14/14 MP: 4/7
  2519 | D:2      | Gained mutation: You are weak. (Str -2) [potion of
                  | mutation]
  2519 | D:2      | Gained mutation: You are covered in thick fur. (AC +2)
                  | [potion of mutation]
  2549 | D:2      | Noticed Robin
  2683 | D:2      | Found Taynar's Book Shoppe.
  3936 | D:1      | Killed Robin
  3937 | D:1      | Reached XP level 4. HP: 11/18 MP: 2/9
  5160 | D:2      | Slain by a worm
  5161 | D:2      | Reached XP level 3. HP: 0/14 MP: 2/8
  7040 | D:2      | Reached XP level 4. HP: 18/18 MP: 4/9
  7811 | D:3      | Found Ogisu's Antique Armour Emporium.
  8219 | D:3      | Found Joxkuenn's Assorted Antiques.
  9468 | D:3      | Reached XP level 5. HP: 21/21 MP: 9/11
  9572 | D:3      | Learned a level 4 spell: Fulminant Prism
  9619 | D:3      | Identified a scroll of acquirement
  9619 | D:3      | Acquired Hegetico's Guidebook on Ice and Venom
  9627 | D:3      | Learned a level 2 spell: Poisonous Vapours
  9634 | D:4      | Found a large runed translucent door.
  9634 | D:4      | Found a large runed translucent door.
 10005 | D:4      | Noticed Ijyb
 10009 | D:4      | Paralysed by Ijyb for 4 turns
 10015 | D:4      | Paralysed by Ijyb for 2 turns
 10024 | D:4      | Paralysed by Ijyb for 3 turns
 10618 | D:4      | Reached skill level 1 in Poison Magic
 11193 | D:4      | Noticed a black bear
 11211 | D:4      | Slain by a black bear

Illustrated notes

Levels and vault maps discovered:
D:1:      matt_arrival_refuge, layout_basic, minmay_heptomino_o4
D:2:      layout_rooms, serial_shops, shop, minmay_misc_feat_more_columns,
          minmay_misc_feat_five, uniq_robin
D:3:      layout_basic, serial_shops, shop, nicolae_shop_waterfront
D:4:      layout_loops_ring, jmf_multi_god_temple2, uniq_ijyb

Skill      XL: |  1  2  3  4  5 |
---------------+----------------+-----
Stealth        | 3 4 |  4.3
Dodging        | 3 4 |  4.0
Conjurations   | 4 |  4.7
Spellcasting   | 3 |  3.8
Poison Magic   | 1 |  1.0

Action                     |  1- 3 |  4- 6 || total
---------------------------+-------+-------++-------
  Melee: Unarmed           |     7 |     2 ||     9
   Cast: Magic Dart        |   155 |   145 ||   300
         Poisonous Vapours |       |     4 ||     4
    Use: Scroll            |     3 |     5 ||     8
         Potion            |     6 |       ||     6
 Armour: Skin              |     2 |    11 ||    13
  Dodge: Dodged            |    46 |    68 ||   114
